 Dungeon Sprint DCSS version 0.29.1-2-gbd0b4ee654 (webtiles) character file.

Game seed: 11813831366855311586

15 Groucho the Sneak (level 2, -1/13 HPs)
             Began as a Spriggan Enchanter on Oct 27, 2022.
             Killed from afar by Dowan (6 damage)
             ... with a puff of frost
             ... in the Dungeon (Sprint VII: "The Pits").
             The game lasted 00:00:58 (322 turns).

Groucho the Sneak (Spriggan Enchanter)               Turns: 322, Time: 00:00:58

Health: -1/13      AC:  2    Str:  4    XL:     2   Next: 34%
Magic:  7/7        EV: 17    Int: 16    God:
Gold:   0          SH:  0    Dex: 15    Spells: 6/8 levels left

rFire   . . .      SeeInvis +   a - +2 dagger
rCold   . . .      Faith    .   (no shield)
rNeg    . . .      Spirit   .   b - +0 robe
rPois   .          Reflect  .   (helmet restricted)
rElec   .          Harm     .   (no cloak)
rCorr   .          Rampage  .   (gloves unavailable)
Will    .....      NoTele   +   (boots unavailable)
Stlth   +++.......              (no amulet)
HPRegen 0.04/turn               (no ring)
MPRegen 0.10/turn               (no ring)

@: very quick
A: very small, no large weapons, unfitting armour, see invisible, speed 3
a: no special abilities


You were in the Dungeon.
You visited 1 branch

Inventory:

Hand Weapons
 a - a +2 dagger (weapon)
Missiles
 j - 10 stones (quivered)
Armour
 b - a +0 robe (worn)
Scrolls
 i - a scroll of blinking
Potions
 c - 4 potions of invisibility
 d - a potion of curing
 e - a potion of heal wounds
 f - a potion of haste
 g - 4 potions of magic
 h - 3 potions of berserk rage


   Skills:
 - Level 1.1 Short Blades
 - Level 2.6 Dodging
 * Level 7.0 Stealth
 + Level 3.9 Spellcasting
 + Level 4.6 Hexes


You had 6 spell levels left.
You knew the following spells:

 Your Spells              Type           Power      Damage    Failure   Level
a - Ensorcelled Hibernat  Hex/Ice        20%        N/A       10%         2

Your spell library contained the following spells:

 Spells                   Type           Power      Damage    Failure   Level
 Confusing Touch          Hex            18%        N/A       8%          3
 Tukima's Dance           Hex            18%        N/A       8%          3
 Dazzling Flash           Conj/Hex       20%        N/A       21%         3


Dungeon Overview and Level Annotations

Branches:
Dungeon (1/1)

Altars:
Ashenzari
Cheibriados
Dithmenos
Elyvilon
Fedhas
Gozag
Hepliaklqana
Kikubaaqudgha
Makhleb
Nemelex Xobeh
Okawaru
Qazlal
Ru
Sif Muna
Trog
Uskayaw
Vehumet
Wu Jian
Xom
Yredelemnul
Zin
The Shining One
Jiyva
Lugonu

Annotations:
D Dowan, Duvessa


Innate Abilities, Weirdness & Mutations

You are very small and have problems with some larger weapons.
You are too small for most types of armour.
You have supernaturally acute eyesight. (SInv)
You cover ground extremely quickly. (Speed+++)


Message History

You hit the rat.
You kill the rat!
You start resting.
HP restored.
You start resting.
Magic restored.
You start waiting.
You start waiting.
Done waiting.
You see here a hobgoblin skeleton.
There is an open door here.
You open the door.
A hobgoblin and an endoplasm come into view.
There is an open door here.
The helpless hobgoblin fails to defend itself.
You impale the hobgoblin!!
You kill the hobgoblin!
You see here a hobgoblin corpse.
The helpless endoplasm fails to defend itself.
You impale the endoplasm!!
You kill the endoplasm!
Your Stealth skill increases to level 7!
You open the door.
An adder and a hobgoblin come into view.
An orc, Duvessa and Dowan come into view.
The orc is wielding a +2 short sword of venom.
Duvessa is wielding a +2 rapier of venom and wearing a +2 leather armour of cold resistance.
Dowan is wielding a +0 dagger, wearing a +2 robe of the Archmagi and carrying a wand of polymorph (1).
There is an open door here.
The adder hisses angrily.
Duvessa shouts!
Dowan shouts!
You closely miss the orc.
Dowan casts a spell.
Dowan blinks!
The orc hits you with a +2 short sword of venom.
The adder misses you. Dowan closely misses you.
Duvessa gestures with her weapon.
There is an open door here.
Dowan hits you with a +0 dagger.
You see here a hobgoblin corpse.
Dowan points at you and mumbles some strange words.
The puff of frost hits you.
You die...

#_________.#
#_______...###########++
##########'##...........
#.?..')))'.##......#..#.
##########)##...........
#.......÷.).'...........
+#####'#####......#..#.
#.....##...........
#####@#####'#####++
#...S.##.......#
#...e.##.......#
###'####.......#
#.eo..##...<...#
#..§.....##.......#
#.......g##.......#
###########.......#
#########


You could see Duvessa, Dowan, an adder and an orc.

Vanquished Creatures
  A gnoll (D)
  An endoplasm (D)
  2 hobgoblins (D)
  A rat (D)
5 creatures vanquished.

Notes
Turn   | Place    | Note
-------+----------+-------------------------------------------
     0 | D        | Groucho the Spriggan Enchanter began the quest for the Orb.
     0 | D        | Reached XP level 1. HP: 9/9 MP: 5/5
    15 | D        | Reached skill level 6 in Stealth
    15 | D        | Reached XP level 2. HP: 13/13 MP: 5/7
    18 | D        | Learned a level 2 spell: Ensorcelled Hibernation
    40 | D        | Found a bloodstained altar of Trog.
    40 | D        | Found a shimmering blue altar of Sif Muna.
    40 | D        | Found a viscous altar of Jiyva.
    40 | D        | Found a hazy altar of Hepliaklqana.
    40 | D        | Found an opulent altar of Gozag.
    41 | D        | Found a glowing golden altar of the Shining One.
    41 | D        | Found a glowing silver altar of Zin.
    41 | D        | Found a basalt altar of Yredelemnul.
    41 | D        | Found a shimmering altar of Xom.
    41 | D        | Found an ornate altar of the Wu Jian Council.
    41 | D        | Found a sacrificial altar of Ru.
    41 | D        | Found a stormy altar of Qazlal.
    41 | D        | Found an iron altar of Okawaru.
    41 | D        | Found a sparkling altar of Nemelex Xobeh.
    41 | D        | Found a burning altar of Makhleb.
    41 | D        | Found a blossoming altar of Fedhas.
    41 | D        | Found a white marble altar of Elyvilon.
    41 | D        | Found a shadowy altar of Dithmenos.
    41 | D        | Found a snail-covered altar of Cheibriados.
    43 | D        | Found a radiant altar of Vehumet.
    43 | D        | Found a corrupted altar of Lugonu.
    44 | D        | Found a hide-covered altar of Uskayaw.
    44 | D        | Found an ancient bone altar of Kikubaaqudgha.
    44 | D        | Found a broken altar of Ashenzari.
   314 | D        | Reached skill level 7 in Stealth
   316 | D        | Noticed Duvessa
   316 | D        | Noticed Dowan
   322 | D        | Killed from afar by Dowan

Illustrated notes

Levels and vault maps discovered:
D:        pitsprint [storerooms_1, entrance_room_1, metal_vault_6, armoury_2,
          mini_pit_1, grid_room_1, main_hall_1, silver_pit, the_coven_3,
          the_vestibule_1, steel_vault_5, golden_pit, hallway_of_sentries,
          crystal_vault_5, iron_vault_1, final_vault]

Skill      XL: |  1  2 |
---------------+-------+-----
Stealth        | 6 7 |  7.0
Spellcasting   | 3 |  3.9
Hexes          | 4 |  4.6
Short Blades   | |  1.1
Dodging        | |  2.6

Action                   || total
-------------------------++-------
Melee: Dagger            ||     7
 Cast: Ensorcelled Hiber ||     3
 Stab: Sleeping          ||     4
Dodge: Dodged            ||     5
